 Dungeon Crawl Stone Soup version 0.31-a0-1570-g93c622d222 (webtiles) character file.

Game seed: 7669065469060514449

356911 Flugslaktarn the Slayer (level 20, -19/215 HPs)
             Began as a Minotaur Fighter on Jan 3, 2024.
             Was an Initiate of Gozag.
             Killed from afar by an orb of fire (29 damage)
             ... with a fireball
             ... on level 5 of the Realm of Zot.
             The game lasted 00:23:31 (24315 turns).

Flugslaktarn the Slayer (Minotaur Fighter)         Turns: 24315, Time: 00:23:31

Health: -19/215    AC: 37    Str: 33      XL:     20   Next: 38%
Magic:  19/19      EV:  7    Int:  5      God:    Gozag
Gold:   139        SH: 20    Dex: 12 (13) Spells: 19/19 levels left

rFire   + + .        N - +7 broad axe (spect)
rCold   + + +        w - +0 tower shield {AC+3}
rNeg    + . .        W - +0 crystal plate armour {rC+}
rPois   +            V - -2 hat of the Alchemist {rElec rPois rF+ rC+ rN+ Will+ rMut rCorr}
rElec   +            L - +2 cloak {Will+}
rCorr   +            p - +0 pair of gloves
SInv    .            B - +1 pair of boots
Will    +....        Q - amulet of regeneration Stlth
                     j - +6 ring of strength
HPRegen 1.35/turn    J - ring of flight
MPRegen 0.16/turn

%: resist mutation
@: about to teleport, resistant, weak-willed, marked, gold aura, flying, hasted,
studying Ice Magic, very quick
A: horns 2, retaliatory headbutt, teleportitis 1
0: Orb of Zot
}: 3/15 runes: serpentine, barnacled, abyssal
a: Renounce Religion, Potion Petition, Call Merchant, Bribe Branch


You were on level 5 of the Realm of Zot.
You worshipped Gozag.
Gozag was aware of your devotion.
You visited 6 branches of the dungeon, and saw 37 of its levels.
You visited the Abyss 2 times.
You also visited: Ice Cave.

You collected 11665 gold pieces.
You spent 2280 gold pieces at shops.
You paid 9246 gold pieces to Gozag.

Inventory:

Hand Weapons
 s - a +1 whip of distortion
   (You took it off an orc on level 8 of the Dungeon)
 N - a +7 spectral broad axe (weapon)
   (You found it on level 10 of the Dungeon)
Missiles
 F - 6 throwing nets
 H - 2 curare-tipped darts (quivered)
Armour
 p - a +0 pair of gloves (worn)
   (You found it on level 6 of the Dungeon)
 w - a +0 tower shield of protection (worn)
   (You took it off a naga warrior on level 4 of the Snake Pit)
 x - a scarf of repulsion
   (You found it on level 3 of the Dungeon)
 B - a +1 pair of boots (worn)
   (You found it on level 4 of the Dungeon)
 L - a +2 cloak of willpower (worn)
   (You took it off Maurice on level 8 of the Dungeon)
 U - the +4 hat of the Guild-Master {rElec rC- Dex+3}
   (You acquired it on level 6 of the Dungeon)

   Dex+3:     It affects your dexterity (+3).
   rC-:       It makes you vulnerable to cold.
   rElec:     It insulates you from electricity.
 V - the -2 hat of the Alchemist (worn) {rElec rPois rF+ rC+ rN+ Will+ rMut rCorr}
   (You acquired it on level 6 of the Dungeon)

   rF+:       It protects you from fire.
   rC+:       It protects you from cold.
   rElec:     It insulates you from electricity.
   rPois:     It protects you from poison rN+: It protects you from negative
   energy.
   Will+:     It increases your willpower.
   rCorr:     It protects you from acid and corrosion.
   rMut:      It protects you from mutation.
 W - a +0 crystal plate armour of cold resistance (worn)
   (You found it in an ice cave)
Jewellery
 c - a ring of protection from cold
   (You found it on level 1 of the Shoals)
 f - a ring of protection from fire
   (You found it on level 4 of the Dungeon)
 j - a +6 ring of strength (left hand)
   (You found it on level 1 of the Dungeon)
 o - a ring of poison resistance
   (You found it on level 7 of the Dungeon)
 I - a +6 ring of strength
   (You found it on level 8 of the Dungeon)
 J - a ring of flight (right hand)
   (You took it off Erica on level 8 of the Dungeon)
 M - the ring "Jaetheaved" {Ice rElec Will+ Slay+6}
   (You took it off Josephina on level 2 of the Depths)

   [ring of ice]

   Ice:       It enhances your ice magic.
   Slay+6:    It affects your accuracy & damage with ranged weapons and melee
   (+6).
   rF-:       It makes you vulnerable to fire.
   rC+:       It protects you from cold.
   rElec:     It insulates you from electricity.
   Will+:     It increases your willpower.
 Q - an amulet of regeneration (around neck)
   (You found it on level 11 of the Dungeon)
Wands
 b - a wand of roots (13)
   (You found it on level 1 of the Lair of Beasts)
 D - a wand of mindburst (13)
   (You found it on level 2 of the Lair of Beasts)
 K - a wand of paralysis (21)
   (You took it off Maurice on level 8 of the Dungeon)
Scrolls
 a - 2 scrolls of immolation
 e - 3 scrolls of fear
 m - 3 scrolls of fog
 t - 8 scrolls of teleportation
 u - 4 scrolls of vulnerability
 v - a scroll of silence
 A - 3 scrolls of enchant armour
Potions
 d - a potion of might
 g - 3 potions of enlightenment
 h - 4 potions of haste
 i - 3 potions of mutation
 k - 4 potions of lignification
 l - a potion of ambrosia
 n - 5 potions of resistance
 r - a potion of invisibility
 E - 2 potions of berserk rage
 Y - a potion of magic
 Z - 2 potions of cancellation


   Skills:
 * Level 26.7 Fighting
 - Level 18.0 Axes
 + Level 20.7 Armour
 + Level 18.5 Shields
 - Level 6.0 Evocations


You had 19 spell levels left.
You didn't know any spells.
Your spell library contained the following spells:

 Spells                   Type           Power      Damage    Failure   Level
 Apportation              Tloc           0%         N/A       100%        1
 Magic Dart               Conj           0%         1d3       100%        1
 Necrotise                Necr           0%         1d4       100%        1
 Sandblast                Erth           0%         2d4       100%        1
 Shock                    Conj/Air       0%         1d3       100%        1
 Sting                    Conj/Alch      0%         1d3       100%        1
 Summon Small Mammal      Summ           0%         N/A       100%        1
 Ensorcelled Hibernation  Hex/Ice        0%         N/A       100%        2
 Searing Ray              Conj           0%         2d4       100%        2
 Fugue of the Fallen      Necr           0%         N/A       100%        3
 Gell's Gravitas          Tloc           0%         N/A       100%        3
 Inner Flame              Hex/Fire       0%         N/A       100%        3
 Passwall                 Erth           0%         N/A       100%        3
 Stone Arrow              Conj/Erth      0%         3d7       100%        3
 Swiftness                Air            0%         N/A       100%        3
 Teleport Other           Tloc           0%         N/A       100%        3
 Tukima's Dance           Hex            0%         N/A       100%        3
 Vampiric Draining        Necr           0%         2d6       100%        3
 Airstrike                Air            0%         2d(0-16)  100%        4
 Anguish                  Hex/Necr       0%         N/A       100%        4
 Brom's Barrelling Bould  Conj/Erth      0%         2d3       100%        4
 Fulminant Prism          Conj/Alch      0%         3d5       100%        4
 Ignite Poison            Fire/Alch      0%         N/A       100%        4
 Martyr's Knell           Necr/Summ      0%         N/A       100%        4
 Passage of Golubria      Tloc           0%         N/A       100%        4
 Sticky Flame             Fire/Alch      0%         2d4       100%        4
 Vhi's Electric Charge    Tloc/Air       0%         N/A       100%        4
 Arcjolt                  Conj/Air       0%         1d10      100%        5
 Curse of Agony           Necr           0%         N/A       100%        5
 Irradiate                Conj/Alch      0%         3d11      100%        5
 Yara's Violent Unravell  Hex/Alch       0%         3d3       100%        5
 Dispersal                Tloc           0%         N/A       100%        6
 Plasma Beam              Fire/Air       0%         2x1d10    100%        6
 Ignition                 Fire           0%         3d3       100%        8
 Maxwell's Capacitive Co  Air            0%         ∞         100%        8


Dungeon Overview and Level Annotations

Branches:
Dungeon (15/15)            Temple (0/1) D:6            Lair (5/5) D:8
 Shoals (4/4) Lair:2        Snake (4/4) Lair:3        Slime (0/5) Lair:5
    Orc (0/2) D:9          Depths (4/4) D:15            Zot (5/5) Depths:4
  IceCv (visited)
 Vaults: D:13-14

Altars:
Cheibriados
Dithmenos
Elyvilon
Gozag
Hepliaklqana
Kikubaaqudgha
Makhleb
Nemelex Xobeh
Ru
Trog
Wu Jian
Yredelemnul
Zin
The Shining One
Jiyva

Shops:
D:6 ?((   Snake:4 ::[?   Depths:3 !

Portals:
Hell: Depths:1 Depths:3
Abyss: Depths:3
Pandemonium: Depths:1

Annotations:
D:3 1 runed translucent door, Crazy Yiuf
D:9 3 runed translucent doors, Flugslaktarn's ghost, novice OpAl
Lair:3 2 transporters, exclusion: oklob plant
Shoals:4 Bai Suzhen; Mara
Zot:4 1 transporter


Innate Abilities, Weirdness & Mutations

You have a pair of horns on your head.
You reflexively headbutt those who attack you in melee.
You are occasionally teleported next to monsters.


Message History

The orb of fire blinks!
The Orb Guardian blinks!
The Orb Guardian enters a dispersal trap!
The Orb Guardian blinks!
The orb of fire blinks!
The Orb Guardian blinks! x3
The Orb Guardian enters a dispersal trap!
The Orb Guardian blinks! x5; The orb of fire blinks!
The Orb Guardian blinks! x2
You blink.
An electric golem, an orb of fire, a curse toe and a moth of wrath come into view.
Found a scroll of identify and a potion of curing.
The Orb Guardian blinks!
The orb of fire enters a dispersal trap!
The Orb Guardian blinks! x3; You blink.
The orb of fire blinks!
The Orb Guardian fails to trigger a net trap.
The Orb Guardian blinks!
The orb of fire blinks!
The Orb Guardian blinks!
The Orb Guardian enters a dispersal trap!
The Orb Guardian blinks!
The orb of fire blinks!
The Orb Guardian blinks! x4
You blink.
The Orb Guardian blinks!
You feel better.
An orb of fire comes into view.
The orb of fire glows deep purple.
The fireball explodes!
The fireball engulfs you! You resist.
The fireball engulfs the Orb Guardian!!!!
A tentacled monstrosity comes into view.
The curse toe calls on the powers of darkness!
The moth of wrath convulses!
The Orb Guardian convulses!
Your body is wracked with pain!
* * * LOW HITPOINT WARNING * * *
The Orb Guardian convulses!
The electric golem crackles and sizzles. [a] - 319 gold - curing and magic [b] - 420 gold - resistance and enlightenment [c] - 552 gold - might, brilliance, resistance and enlightenment Purchase which effect?
You no longer have enough gold to petition Gozag for potion effects.
You feel better. Magic courses through your body.
You hear a loud "Zot"!
The Orb Guardian hits you!
* * * LOW HITPOINT WARNING * * *
Okay, then.
You hit the Orb Guardian but do no damage.
The Orb Guardian is heavily wounded.
You hit the Orb Guardian.
Your +7 spectral broad axe hits the Orb Guardian.
Your +7 spectral broad axe closely misses the Orb Guardian.
The curse toe gestures.
The Orb Guardian hits you!!
* * * LOW HITPOINT WARNING * * *
The Orb Guardian hits you!
* * * LOW HITPOINT WARNING * * *
Unknown command.
You feel better.
Your +7 spectral broad axe disappears.
The orb of fire enters a dispersal trap!
The wandering mushroom blinks!
The Orb Guardian blinks! x6
The wandering mushroom blinks! x2; The orb of fire blinks!
The moth of wrath blinks!
The Orb Guardian blinks! x2; The deathcap blinks!
The Orb Guardian blinks!
The wandering mushroom blinks!
You blink.
The orb of fire blinks!
You hear a loud "Zot"!
The Orb Guardian closely misses you.
The Orb Guardian is distracted by your dazzling golden aura. x2
Unknown command.
As you read the scroll of vulnerability, it crumbles to dust.
The Orb Guardian is no longer distracted by gold. x2
A wave of despondency washes over your surroundings.
The Orb Guardian hits you.
* * * LOW HITPOINT WARNING * * *
The Orb Guardian enters a dispersal trap!
The Orb Guardian blinks! x2; The deathcap blinks!
The Orb Guardian blinks!
The orb of fire blinks!
The wandering mushroom blinks!
The orb of fire blinks!
The Orb Guardian blinks! x6; The orb of fire blinks!
The wandering mushroom blinks!
The Orb Guardian blinks! x2; You blink.
The Orb Guardian blinks!
The orb of fire glows yellow.
The bolt of fire hits the orb of fire.
The orb of fire completely resists.
The bolt of fire misses you.
The bolt of fire hits the Orb Guardian!!!
The Orb Guardian dies!
Unknown command.
Okay, then.
Okay, then.
Okay, then.
Okay, then.
Okay, then.
As you read the scroll of summoning, it crumbles to dust.
Wisps of shadow whirl around you...
The orb of fire glows red.
The fireball explodes!
The fireball engulfs you! You resist.
* * * LOW HITPOINT WARNING * * *
The fireball engulfs your green draconian monk!!!
The fireball engulfs your moth of wrath!!!
Your moth of wrath dies!
Your moth of wrath's corpse dissolves into shadows!
The fireball engulfs the orb of fire.
The orb of fire completely resists.
The Orb Guardian hits your yellow draconian annihilator!!!
The Orb Guardian hits your yellow draconian annihilator!!
You hear an explosion!
The orb of fire glows bright magenta.
The fireball explodes!
The fireball engulfs you!! You resist.
You die...
Your body crumbles into a pile of gold.

▓▓▓▓▓▓▓▓▓▓ *** ▓▓▓▓.....^...
..▓** ▓▓▓............ ...,**
▓▓^............. ..X.,* ▓▓▓▓▓▓▓▓▓
▓.............^.
f.°?,*▓▓§§..X..▓▓▓...............
X.9zX▓▓§..^..qdq▓▓.X)............
....f▓..§.§§§.X§.▓*9..........1.{
^...**§f§..*^.*§@**.**.X....$...L
,,,.X▓§.f.§§§Xqq.▓X......9.......
,..X.▓▓§..§^qXX.▓▓...............
,...,*▓▓§§§..Xd▓▓▓...............
,..,,* ▓▓▓▓▓▓▓▓▓ #...............
,,,,** ##.............. ,,***
##▓.........^.. *** ▓▓▓▓......)..
**** ****▓▓▓▓▓▓▓▓#*


You could see 4 orbs of fire, an electric golem, 7 Orb Guardians, a friendly
tentacled monstrosity (summoned), 2 friendly draconians, a friendly green
draconian (summoned), a friendly purple draconian (summoned), 2 friendly
draconians and a friendly red draconian scorcher (summoned).

Vanquished Creatures
  A juggernaut (Abyss:4)
  Josephina (Depths:2)
  Vashnia (Snake:2)
  3 caustic shrikes (Depths:4)
  2 golden dragons
  the Enchantress (Depths:2)
  Jorgrun (Shoals:2)
  2 tentacled monstrosities (Zot:2)
  2 quicksilver dragons
  6 tentacled starspawn
  2 death cobs
  A shadow dragon (Zot:2)
  Gastronok (Lair:2)
  Donald (Shoals:2)
  A draconian knight (Zot:2)
  A tengu reaver (Depths:4)
  5 storm dragons
  An iron dragon (Depths:3)
  4 nagarajas
  3 fire giants
  3 frost giants
  4 draconian monks
  A balrug (Depths:3)
  A draconian shifter (Zot:2)
  An angel (Abyss:4)
  3 spriggan defenders (Depths:2)
  A ghost moth (Zot:5)
  A draconian stormcaller (Depths:4)
  A cacodemon (Abyss:3)
  11 very ugly things
  3 stone giants
  2 ophanim (Abyss:4)
  3 green draconians (Zot:2)
  A deep elf demonologist (Depths:3)
  A vampire knight (Depths:2)
  2 white draconians
  4 red draconians
  A lorocyproca (Abyss:5)
  2 purple draconians
  7 black draconians
  2 yellow draconians
  A crystal guardian (D:15)
  5 merfolk javelineers (Shoals:4)
  4 ettins
  A green death (Abyss:3)
  4 merfolk impalers
  5 fire dragons
  2 salamander tyrants (Snake:4)
  2 rakshasas
  A hell beast (Depths:3)
  6 hydras
  A merfolk avatar (Shoals:4)
  6 ice dragons
  A spriggan air mage (Depths:2)
  2 centaur warriors
  5 boulder beetles
  Erica (D:8)
  An alligator snapping turtle (Shoals:3)
  2 dancing weapons (Abyss:4)
  2 merfolk aquamancers (Shoals:4)
  A satyr (Shoals:4)
  15 death yaks
  3 two-headed ogres
  A deep troll shaman (Depths:2)
  5 anacondas
  8 naga warriors
  2 tengu warriors (Depths:1)
  3 occultists
  6 thrashing horrors
  11 hell knights
  4 shock serpents
  2 deep troll earth magi (Depths:1)
  Nergalle (D:10)
  9 naga sharpshooters
  An iron troll (Depths:1)
  A spriggan berserker (Depths:4)
  A skyshark (Lair:5)
  Amaemon (Lair:1)
  A fire crab (D:15)
  A sixfirhy (Abyss:3)
  3 salamander mystics
  2 sea snakes
  2 shadow demons (Depths:4)
  A glowing orange brain (Depths:4)
  2 cherubim (Abyss:4)
  3 arcanists (D:15)
  4 deep trolls
  6 mana vipers
  A swamp dragon (Lair:5)
  7 naga ritualists
  3 necromancers
  A flayed ghost (Depths:3)
  A lindwurm (Lair:5)
  3 harpies (Shoals:4)
  3 deep elf pyromancers
  An oklob plant (Lair:5)
  7 fauns (Shoals:1)
  5 manticores
  Maurice (D:8)
  27 ugly things
  14 salamanders
  2 large abominations
  A worldbinder (Abyss:3)
  6 moths of wrath
  5 guardian serpents (Snake:4)
  Joseph (D:10)
  3 cyclopes
  22 elephants
  3 merfolk sirens
  A rust devil (D:15)
  An apocalypse crab (Abyss:3)
  An orange demon (Lair:1)
  2 ice statues
  15 naga magi
  A gargoyle (D:11)
  26 black mambas
  A torpor snail (Lair:3)
  3 water nymphs (Shoals:4)
  2 molten gargoyles (D:12)
  16 cane toads
  2 rime drakes
  An unseen horror (Abyss:3)
  Psyche (D:12)
  2 kobold demonologists
  5 komodo dragons
  3 freezing wraiths
  A yaktaur (D:15)
  2 ice devils (Lair:4)
  4 harpy zombies
  An ancient zyme (Abyss:3)
  19 polar bears
  A wind drake (Shoals:4)
  2 trolls
  18 merfolk
  A shadow dragon simulacrum (Depths:2)
  A tengu simulacrum (Depths:2)
  3 raiju (Abyss:3)
  A hornet (D:10)
  6 snapping turtles
  2 fire giant simulacra (Depths:2)
  2 raiju (shapeshifter) (D:15)
  A meliai zombie (D:11)
  14 blink frogs
  5 dream sheep (Lair:5)
  An iron dragon simulacrum (Depths:2)
  A shadow (D:11)
  5 spriggans
  A wyvern (Lair:2)
  2 humans
  59 yaks
  5 golden eyes (Abyss:3)
  7 basilisks
  A basilisk (shapeshifter) (D:15)
  2 steam dragons (Lair:5)
  2 neqoxecs
  A chaos spawn (Abyss:5)
  3 vampire mosquitoes (D:13)
  2 small abominations (D:11)
  Edmund (D:5)
  A harpy simulacrum (Abyss:4)
  32 nagas
  3 acid dragons (Lair:5)
  10 water moccasins
  3 hell hounds (Abyss:5)
  A swamp drake (Lair:5)
  9 orc warriors
  A meliai simulacrum (D:15)
  3 sky beasts
  7 ice beasts
  A black bear (Lair:1)
  7 centaurs
  9 starcursed masses
  25 wolves
  An ogre (D:6)
  A phantom (D:5)
  3 kobold brigands
  14 bullfrogs
  A gnoll sergeant (D:11)
  A necrophage (D:10)
  3 scorpions
  3 wights (D:6)
  A hornet simulacrum (D:14)
  A spriggan zombie (D:11)
  8 killer bees
  2 wolf zombies (D:11)
  2 electric eels (D:8)
  2 howler monkeys
  3 centaur zombies (D:11)
  A bombardier beetle (D:5)
  5 lava snakes (D:12)
  7 hounds
  7 orc priests
  2 jellies
  2 sleepcaps
  2 gnoll boudas
  An iron imp (Abyss:3)
  2 iguanas (Lair:5)
  9 orc wizards
  3 killer bee zombies (D:11)
  12 gnolls
  16 adders
  A shadow imp (D:6)
  4 white imps
  2 ufetubi (D:6)
  2 dart slugs
  5 ribbon worms
  56 orcs
  7 endoplasms
  2 giant cockroaches
  7 goblins
  7 hobgoblins
  3 jackals (D:1)
  15 kobolds
  8 quokkas
  9 ball pythons
  12 bats
  5 frilled lizards
  2 rats
  A lurking horror (Abyss:4)
  A spectral weapon (Shoals:4)
  5 starspawn tentacles
1005 creatures vanquished.

Vanquished Creatures (collateral kills)
  An Orb Guardian (Zot:5)
1 creature vanquished.

Vanquished Creatures (others)
  A dread lich (Zot:5)
  A Killer Klown (Zot:5)
  An Orb Guardian (Zot:5)
  A fire giant (Depths:4)
  A merfolk impaler (Shoals:4)
  A manticore (Shoals:4)
  A moth of wrath (Zot:2)
  An orc wizard (D:6)
  2 kobolds (D:8)
  36 spectral weapons
  9 starspawn tentacles
55 creatures vanquished.

Grand Total: 1061 creatures vanquished

Notes
Turn   | Place    | Note
-------+----------+-------------------------------------------
     0 | D:1      | Flugslaktarn the Minotaur Fighter began the quest for the
                  | Orb.
     0 | D:1      | Reached XP level 1. HP: 19/19 MP: 0/0
   239 | D:1      | Reached XP level 2. HP: 23/27 MP: 1/1
   268 | D:1      | Reached skill level 4 in Fighting
   634 | D:1      | Reached XP level 3. HP: 33/33 MP: 2/2
   780 | D:1      | Found a faded altar of an unknown god.
  1080 | D:1      | Prayed at the altar of an unknown god.
  1080 | D:1      | Became a worshipper of Gozag Ym Sagoz the Greedy
  1543 | D:2      | Reached XP level 4. HP: 40/41 MP: 3/3
  2362 | D:3      | Found a runed translucent door.
  2363 | D:3      | Noticed Crazy Yiuf
  2485 | D:3      | Found a sacrificial altar of Ru.
  2494 | D:3      | Found a hazy altar of Hepliaklqana.
  3063 | D:4      | Reached skill level 5 in Fighting
  3123 | D:4      | Reached skill level 5 in Armour
  3123 | D:4      | Reached XP level 5. HP: 48/48 MP: 4/4
  3366 | D:5      | Entered Level 5 of the Dungeon
  3368 | D:5      | Noticed a centaur
  3377 | D:5      | Killed a centaur
  3378 | D:5      | Reached XP level 6. HP: 45/57 MP: 5/5
  3402 | D:5      | Reached skill level 5 in Axes
  3548 | D:5      | Reached skill level 6 in Fighting
  3571 | D:5      | Noticed Edmund
  3581 | D:5      | Killed Edmund
  3582 | D:5      | Reached XP level 7. HP: 23/64 MP: 6/6
  4217 | D:6      | Reached skill level 7 in Fighting
  4365 | D:6      | Found User's Weapon Shop.
  4378 | D:6      | Found Yrapt's Magic Scroll Boutique.
  4395 | D:6      | Reached XP level 8. HP: 27/73 MP: 7/7
  4588 | D:6      | Found a staircase to the Ecumenical Temple.
  4955 | D:6      | Found a bloodstained altar of Trog.
  4960 | D:6      | Found a basalt altar of Yredelemnul.
  5000 | D:6      | HP: 2/74 [orc/+0 trident (5)]
  5203 | D:6      | Reached skill level 8 in Fighting
  5627 | D:6      | Found Weutyret's Antique Weapon Emporium.
  5939 | D:7      | Found a snail-covered altar of Cheibriados.
  6095 | D:7      | Reached skill level 9 in Fighting
  6102 | D:7      | Reached XP level 9. HP: 24/83 MP: 8/8
  6474 | D:7      | Found a shadowy altar of Dithmenos.
  6644 | D:8      | Noticed a troll
  6755 | D:8      | Killed a troll
  7010 | D:8      | Reached skill level 10 in Fighting
  7025 | D:8      | Found a staircase to the Lair.
  7047 | D:8      | Noticed Maurice
  7390 | D:8      | Noticed Erica
  7399 | D:8      | Killed Erica
  7400 | D:8      | Reached skill level 10 in Axes
  7400 | D:8      | Reached skill level 10 in Armour
  7432 | D:8      | Paralysed by Maurice for 4 turns
  7666 | D:8      | Killed Maurice
  7667 | D:8      | Reached XP level 10. HP: 94/94 MP: 9/9
  7725 | D:8      | Found an ornate altar of the Wu Jian Council.
  7829 | D:8      | Reached skill level 11 in Fighting
  8213 | D:9      | Found a runed translucent gate.
  8213 | D:9      | Found a runed translucent gate.
  8213 | D:9      | Found a runed translucent gate.
  8213 | D:9      | Noticed Flugslaktarn's ghost (novice OpAl)
  8234 | D:9      | Reached skill level 1 in Evocations
  8345 | D:9      | Noticed a two-headed ogre
  8357 | D:9      | Killed a two-headed ogre
  8503 | D:9      | Found a viscous altar of Jiyva.
  8586 | D:9      | Found a white marble altar of Elyvilon.
  8587 | D:9      | Found a glowing golden altar of the Shining One.
  8590 | D:9      | Found a glowing silver altar of Zin.
  8592 | D:9      | Found a burning altar of Makhleb.
  8633 | D:9      | Found a staircase to the Orcish Mines.
  9267 | D:10     | Entered Level 10 of the Dungeon
  9269 | D:10     | Noticed a two-headed ogre
  9275 | D:10     | Killed a two-headed ogre
  9353 | D:10     | Noticed Joseph
  9375 | D:10     | Killed Joseph
  9376 | D:10     | Reached skill level 12 in Fighting
  9376 | D:10     | Reached XP level 11. HP: 71/104 MP: 10/10
  9631 | D:10     | Reached skill level 5 in Shields
  9648 | D:10     | Noticed Nergalle
  9684 | D:10     | Killed Nergalle
 10002 | D:10     | Found a sparkling altar of Nemelex Xobeh.
 10137 | D:10     | Noticed a boulder beetle
 10152 | D:10     | Killed a boulder beetle
 10332 | D:11     | Found an ancient bone altar of Kikubaaqudgha.
 10333 | D:11     | Noticed a two-headed ogre
 10340 | D:11     | Killed a two-headed ogre
 10341 | D:11     | Reached skill level 5 in Evocations
 10396 | D:11     | Reached skill level 13 in Fighting
 10462 | D:11     | Noticed a boulder beetle
 10481 | D:11     | Killed a boulder beetle
 10651 | D:11     | Noticed a boulder beetle
 10658 | D:11     | Killed a boulder beetle
 10659 | D:11     | Reached XP level 12. HP: 89/115 MP: 11/11
 10694 | D:11     | Identified the +0 chain mail of Salvation {Rampage rN+
                  | Int+2}
 10880 | D:11     | Noticed a boulder beetle
 10890 | D:11     | Killed a boulder beetle
 11152 | D:11     | Identified the +2 sling "Rerenuo" {elec, Str+3 Dex+2}
 11320 | D:6      | Bought 3 scrolls of acquirement for 2028 gold pieces
 11320 | D:6      | Acquired the +4 hat of the Guild-Master {rElec rC- Dex+3}
 11322 | D:6      | Acquired the -2 hat of the Alchemist {rElec rPois rF+ rC+
                  | rN+ Will+ rMut rCorr}
 11322 | D:6      | Found the -2 hat of the Alchemist {rElec rPois rF+ rC+ rN+
                  | Will+ rMut rCorr}
 11324 | D:6      | Acquired the +1 kite shield of Qoshroon {Str+2 Int+3}
 11390 | Lair:1   | Entered Level 1 of the Lair of Beasts
 11462 | Lair:1   | Found a runed translucent door.
 11462 | Lair:1   | Noticed a boulder beetle
 11471 | Lair:1   | Killed a boulder beetle
 11602 | Lair:1   | Noticed Amaemon
 11610 | Lair:1   | Killed Amaemon
 11611 | Lair:1   | Reached skill level 14 in Fighting
 11946 | Lair:1   | Noticed a tentacled starspawn
 12165 | Lair:1   | Killed a tentacled starspawn
 12170 | Lair:1   | Identified the ring "Libbulad" {rF- rN+ Str+6 Int+8}
 12221 | Lair:2   | Noticed Gastronok
 12228 | Lair:2   | Killed Gastronok
 12254 | Lair:2   | Noticed an ice dragon
 12352 | Lair:2   | Killed an ice dragon
 12562 | Lair:3   | Reached skill level 15 in Fighting
 12665 | Lair:3   | Reached XP level 13. HP: 124/126 MP: 12/12
 12766 | Lair:3   | Found a transporter.
 12768 | Lair:3   | Found a transporter.
 13071 | Lair:3   | Found a staircase to the Snake Pit.
 13178 | Lair:3   | Reached skill level 15 in Axes
 13606 | Lair:2   | Found a staircase to the Shoals.
 14325 | Lair:4   | Reached skill level 16 in Fighting
 14346 | Lair:4   | Found a frozen archway.
 14363 | IceCv    | Entered an ice cave
 14544 | IceCv    | Found the +4 skin of Zhor {*Englaciate rC+++ SInv}
 14809 | IceCv    | Noticed a frost giant
 14815 | IceCv    | Killed a frost giant
 14820 | IceCv    | Reached XP level 14. HP: 55/138 MP: 13/13
 14843 | IceCv    | Found the +8 frozen axe "Frostbite" {freeze, freezing
                  | cloud, *Noise Fly rC+}
 14945 | Lair:4   | Reached skill level 10 in Shields
 15048 | Lair:4   | Reached skill level 17 in Fighting
 15734 | Lair:5   | Entered Level 5 of the Lair of Beasts
 16002 | Lair:5   | Reached skill level 18 in Fighting
 16114 | Lair:5   | Found a viscous altar of Jiyva.
 16114 | Lair:5   | Found a staircase to the Slime Pits.
 16732 | Snake:1  | Entered Level 1 of the Snake Pit
 16746 | Snake:1  | Reached skill level 15 in Armour
 16807 | Snake:1  | Reached XP level 15. HP: 145/149 MP: 14/14
 17098 | Snake:2  | Reached skill level 19 in Fighting
 17129 | Snake:2  | Noticed Vashnia
 17154 | Snake:2  | Killed Vashnia
 17539 | Snake:3  | Noticed a nagaraja
 17552 | Snake:3  | Killed a nagaraja
 17702 | Snake:4  | Entered Level 4 of the Snake Pit
 17764 | Snake:4  | Reached skill level 20 in Fighting
 17831 | Snake:4  | Noticed a nagaraja
 17851 | Snake:4  | Killed a nagaraja
 17854 | Snake:4  | Reached XP level 16. HP: 61/165 MP: 15/15
 18008 | Snake:4  | Found Merukem's Book Emporium.
 18011 | Snake:4  | Found Perry's Armour Shoppe.
 18011 | Snake:4  | Found Pucobosm's Book Emporium.
 18014 | Snake:4  | Found Durghoirug's Magic Scroll Shoppe.
 18044 | Snake:4  | Bought a scroll of enchant armour for 105 gold pieces
 18044 | Snake:4  | Bought a scroll of teleportation for 42 gold pieces
 18044 | Snake:4  | Bought a scroll of revelation for 105 gold pieces
 18092 | Snake:4  | Reached skill level 21 in Fighting
 18098 | Snake:4  | Got a serpentine rune of Zot
 18099 | Snake:4  | Got a jade gem with 1128 turns to spare
 18300 | Shoals:1 | Entered Level 1 of the Shoals
 18404 | Shoals:2 | Identified the +7 long sword of Gimuzxu {antimagic, rCorr
                  | Dex+3}
 18436 | Shoals:2 | Identified the +5 dagger of Myrph {heavy, rC+ rN+ Str+2}
 18444 | Shoals:2 | Noticed Jorgrun
 18458 | Shoals:2 | Killed Jorgrun
 18645 | Shoals:2 | Noticed Donald
 18656 | Shoals:2 | Killed Donald
 18716 | Shoals:4 | Entered Level 4 of the Shoals
 19027 | Shoals:4 | Noticed Bai Suzhen
 19029 | Shoals:4 | Noticed Mara
 19039 | Shoals:4 | Noticed Flugslaktarn's illusion
 19042 | Shoals:4 | HP: 4/168 [Mara (illusionary)/bolt of fire (17)]
 19304 | Shoals:4 | Reached skill level 22 in Fighting
 19453 | Abyss:3  | Cast into level 3 of the Abyss (merfolk impaler)
 19470 | Abyss:3  | Noticed a tentacled starspawn
 19476 | Abyss:3  | Killed a tentacled starspawn
 19483 | Abyss:3  | Noticed a tentacled starspawn
 19496 | Abyss:3  | Killed a tentacled starspawn
 19530 | Abyss:3  | Found a corrupted altar of Lugonu.
 19542 | Abyss:3  | Noticed a tentacled starspawn
 19546 | Abyss:3  | Killed a tentacled starspawn
 19566 | Abyss:3  | Found a corrupted altar of Lugonu.
 19581 | Abyss:3  | Reached XP level 17. HP: 40/177 MP: 16/16
 19583 | Shoals:4 | Escaped the Abyss
 19628 | Shoals:4 | Got a barnacled rune of Zot
 19629 | Shoals:4 | Got an azure gem with 638 turns to spare
 19928 | D:12     | You are sucked into a shaft and drop 2 floors!
 19956 | D:14     | Reached skill level 15 in Shields
 20099 | D:12     | Noticed Psyche
 20102 | D:12     | Killed Psyche
 20232 | D:15     | Entered Level 15 of the Dungeon
 20449 | D:15     | Found a staircase to the Depths.
 20468 | D:15     | Reached skill level 23 in Fighting
 20523 | Depths:1 | Entered Level 1 of the Depths
 21335 | Depths:1 | Found a one-way gate leading to the halls of Pandemonium.
 21338 | Depths:1 | Found an opulent altar of Gozag.
 21592 | Depths:1 | Found a gateway to Hell.
 21634 | Depths:2 | Noticed the Enchantress
 21660 | Depths:2 | Killed the Enchantress
 21784 | Depths:2 | Identified the ring "Jaetheaved" {Ice rElec Will+ Slay+6}
 21784 | Depths:2 | Noticed Josephina
 21807 | Depths:2 | Killed Josephina
 21967 | Depths:3 | Noticed a quicksilver dragon
 21976 | Depths:3 | Reached skill level 24 in Fighting
 21977 | Depths:3 | Killed a quicksilver dragon
 22046 | Depths:3 | Found Aryboc's Distillery.
 22049 | Depths:3 | Found a one-way gate to the infinite horrors of the Abyss.
 22061 | Depths:3 | Reached XP level 18. HP: 118/190 MP: 17/17
 22424 | Depths:3 | Voluntarily entered the Abyss.
 22492 | Abyss:4  | Found a glowing golden altar of the Shining One.
 22574 | Abyss:4  | Noticed a juggernaut
 22582 | Abyss:4  | Killed a juggernaut
 22587 | Abyss:4  | Got an abyssal rune of Zot
 22646 | Depths:3 | Escaped the Abyss
 22754 | Depths:4 | Entered Level 4 of the Depths
 22863 | Depths:4 | Reached skill level 25 in Fighting
 22901 | Depths:4 | HP: 2/194 [hell knight/+1 demon trident (10)]
 23098 | Depths:4 | Noticed a caustic shrike
 23107 | Depths:4 | Killed a caustic shrike
 23110 | Depths:4 | Noticed a caustic shrike
 23111 | Depths:4 | Noticed a caustic shrike
 23118 | Depths:4 | Killed a caustic shrike
 23121 | Depths:4 | Killed a caustic shrike
 23291 | Depths:4 | Found a gate to the Realm of Zot.
 23314 | Zot:1    | Entered Level 1 of the Realm of Zot
 23317 | Depths:4 | Got a midnight gem with 1252 turns to spare
 23329 | Zot:2    | Reached XP level 19. HP: 191/204 MP: 18/18
 23356 | Zot:2    | Reached skill level 26 in Fighting
 23369 | Zot:2    | Reached XP level 20. HP: 37/213 MP: 19/19
 23407 | Zot:1    | Noticed a golden dragon
 23408 | Zot:1    | Noticed a golden dragon
 23417 | Depths:4 | Killed a golden dragon
 23527 | Zot:1    | Killed a golden dragon
 24152 | Zot:4    | Noticed a golden dragon
 24153 | Zot:4    | Found a transporter.
 24153 | Zot:4    | Found the +9 staff of Olgreb {rPois∞}
 24155 | Zot:4    | Noticed a golden dragon
 24171 | Zot:5    | Entered Level 5 of the Realm of Zot
 24280 | Zot:5    | Noticed a dread lich
 24280 | Zot:5    | Noticed an orb of fire
 24280 | Zot:5    | Noticed an orb of fire
 24282 | Zot:5    | Noticed a dread lich
 24283 | Zot:5    | Noticed a Killer Klown
 24284 | Zot:5    | Noticed an orb of fire
 24285 | Zot:5    | Noticed an orb of fire
 24286 | Zot:5    | Noticed an orb of fire
 24287 | Zot:5    | Noticed an orb of fire
 24296 | Zot:5    | Gained mutation: You are occasionally teleported next to
                  | monsters. [an orb of fire]
 24304 | Zot:5    | Noticed an orb of fire
 24305 | Zot:5    | Got the Orb of Zot
 24308 | Zot:5    | Noticed an orb of fire
 24309 | Zot:5    | Noticed an orb of fire
 24309 | Zot:5    | Noticed a curse toe
 24310 | Zot:5    | Noticed an orb of fire
 24311 | Zot:5    | Killed a Killer Klown
 24315 | Zot:5    | HP: 10/215 [orb of fire/fireball (8)]
 24315 | Zot:5    | Killed from afar by an orb of fire

Illustrated notes

Levels and vault maps discovered:
D:1:      evilmike_arrival_hilbert_curve, layout_loops_corners,
          shapermc_ecumenical_altar_hornbeckon, minmay_split_cup_small
D:2:      layout_basic, grunt_ministairs_1, st_stairs_8
D:3:      layout_rooms, mainiacjoe_overflow_swirl, serial_forest,
          infiniplex_forest_clump_small, infiniplex_forest_straight_3,
          infiniplex_forest_lined_2, infiniplex_forest_end_2,
          infiniplex_forest_corner_2, infiniplex_forest_straight_5,
          infiniplex_forest_corner_1, infiniplex_forest_lined_3,
          uniq_crazy_yiuf_cottage
D:4:      layout_gridville, hangedman_abyss_or_decor_jellyfish_corner
D:5:      cheibrodos_quashed, layout_basic, uniq_edmund
D:6:      layout_basic, minitemple, temple_doors_cd, serial_shops, shop,
          nicolae_shop_statue_plus, kennysheep_mini_moat,
          chequers_serial_rivers_marsh, kennysheep_generic_room_15
D:7:      layout_cave_pools, old_standard_altar, nicolae_dithmenos_shadow_blocks
D:8:      statuecave_lemuel, layout_loops_ring, marbit_many_paths,
          erik_lair_island, uniq_erica, uniq_maurice
D:9:      layout_roguey, nicolae_overflow_macrodata_refinement, david_orc_5,
          gammafunk_ghost_ooze
D:10:     layout_basic, nemelex_xobeh_ov_fountains_minmay, chequers_garden,
          hangedman_stone_soup, uniq_nergalle, uniq_joseph
D:11:     layout_basic, roadster_capsule_ark_zombie
D:12:     cheibrodos_magma_flow, layout_gridville, dancing_weapons_uskayaw,
          uniq_psyche
D:13:     layout_rooms, lightli_vaults_fourway_checkpoint, serial_shops,
          nicolae_lakefront_shop
D:14:     layout_basic, nrook_pool_corridor, nicolae_splish_splash
D:15:     hangedman_crystal_crosses_colossus [crystal_crosses_arms_four,
          crystal_crosses_arms_four, crystal_crosses_arms_one]
Lair:1:   minmay_lair_venomous_thicket, layout_chaotic_city,
          pdpol_lair_cabin_in_the_woods, uniq_amaemon
Lair:2:   layout_chaotic_city, shoals_dummy_entry,
          dreamdust_deal_with_the_devil, ice2_lemuel, uniq_gastronok
Lair:3:   gammafunk_boulding_lane, layout_layer_cave,
          guppyfry_snake_entry_island
Lair:4:   layout_long_grid, portal_ice_cave_demonic_guard,
          hangedman_lair_unloving_vines
Lair:5:   guppyfry_lair_end_dragon, layout_concentric_octagons, slime_entry_1,
          st_stairs_3
Shoals:1: layout_shoals
Shoals:2: layout_shoals, uniq_donald, uniq_jorgrun, uniq_ilsuiw
Shoals:3: layout_shoals, nicolae_tricolors, uniq_polyphemus
Shoals:4: shoals_end_simple, layout_shoals, nicolae_shoals_hunting_party,
          uniq_mara, uniq_bai_suzhen
Snake:1:  layout_chambers, uniq_aizul
Snake:2:  layout_rooms, minmay_shop_grove, grunt_megastairs_2, uniq_vashnia
Snake:3:  layout_gridlike, nicolae_triple_integral
Snake:4:  johnstein_snake_rune_scales, layout_cave_town, serial_shops, shop,
          nicolae_snake_double_loop, nicolae_shop_firing_range,
          minmay_shoptagon, serial_bayou_shore_a
Depths:1: layout_honeycomb, enter_ziggurat_c, pf_coc_iceberg, pan_entry,
          grunt_gozag_statues, minmay_shop_star
Depths:2: evilmike_halls_of_destruction, layout_long_grid,
          rand_demon_pan_entry_4, hell_entry, pandoras_box_mu,
          minmay_staircase_bubble, uniq_josephina, uniq_enchantress
Depths:3: minmay_tile_spiral, layout_gridlike, serial_shops, shop,
          nicolae_abyss_entry_one_way_or_another, nicolae_zig_zag_zippers,
          grunt_pan_entry_sceptre, grunt_mini_vestibule, serial_bayou_shore_b,
          grunt_megastairs_4, infiniplex_staircase_pool_lava
Depths:4: grunt_zot_entry_hairpin, layout_gridville, minmay_fountain_box,
          rand_demon_pan_entry_9, hell_entry, nrook_kobold_shadow_demons
Zot:1:    grunt_twist_and_shout, layout_concentric_octagons,
          kennysheep_underground_church
Zot:2:    layout_misc_corridors, ebering_ghost_rock_garden, zot_minivault_1
Zot:3:    minmay_elemental_castle, layout_basic, uniq_parghit
Zot:4:    gammafunk_the_bubble [the_bubble_gammafunk_grid], layout_basic
Zot:5:    layout_basic

Skill      XL: |  1  2  3  4  5  6  7  8  9 10 11 12 13 14 15 16 17 18 19 20 |
---------------+-------------------------------------------------------------+-----
Armour         | 4 5 6 7 8 10 11 12 13 14 15 16 17 18 20 | 20.7
Fighting       | 4 5 6 7 9 10 12 13 15 16 18 20 22 24 25 26 | 26.7
Axes           | 3 4 5 6 8 10 11 13 14 16 18 | 18.0
Evocations     | 3 5 6 |  6.0
Shields        | 4 6 8 9 11 13 14 16 17 18 | 18.5

Action                     |  1- 3 |  4- 6 |  7- 9 | 10-12 | 13-15 | 16-18 | 19-21 || total
---------------------------+-------+-------+-------+-------+-------+-------+-------++-------
  Melee: War axe           |   104 |   119 |   260 |   147 |       |       |       ||   630
         Headbutt          |    10 |    15 |    34 |   103 |   136 |   210 |    53 ||   561
         Broad axe         |       |       |       |   312 |   524 |   723 |   168 ||  1727
  Throw: Dart              |       |       |     2 |     4 |       |       |       ||     6
         Throwing net      |       |       |     1 |       |       |       |       ||     1
 Invoke: Potion Petition   |       |       |       |     1 |     2 |    12 |     2 ||    17
         Bribe Branch      |       |       |       |       |       |       |     1 ||     1
  Evoke: Wand              |       |       |       |     1 |       |     3 |       ||     4
    Use: Potion            |       |     1 |     9 |     1 |     3 |    10 |     5 ||    29
         Scroll            |       |       |     6 |    13 |    12 |    10 |     8 ||    49
   Stab: Distracted        |       |       |     1 |     4 |    15 |    17 |     2 ||    39
         Held in net/web   |       |       |     1 |       |       |       |       ||     1
         Invisible         |       |       |       |       |       |     5 |       ||     5
 Armour: Scale mail        |    82 |    23 |       |       |       |       |       ||   105
         Plate armour      |       |    99 |   307 |   265 |   123 |       |       ||   794
         Crystal plate arm |       |       |       |       |   252 |   570 |   189 ||  1011
  Dodge: Dodged            |    56 |    41 |   103 |   158 |    99 |   109 |    32 ||   598
  Block: Buckler           |    26 |    26 |    71 |     3 |       |       |       ||   126
         Kite shield       |       |       |       |   212 |   293 |   192 |       ||   697
         Tower shield      |       |       |       |       |       |   288 |   180 ||   468

Table legend: (Time is in decaauts)
 A = Elapsed time spent in this place.
 B = Non-inter-level travel time spent in this place.
 C = Inter-level travel time spent in this place.
 D = Time resting spent in this place.
 E = Time spent auto-exploring this place.
 F = Levels seen in this place.
 G = Mean time per level.
                   A        B        C        D        E       F      G
               +--------+--------+--------+--------+--------+-----+--------+
         Total |  24161 |  21888 |   2273 |   3753 |  12546 |  42 |  575.3 |
       Dungeon |  12663 |  11443 |   1220 |   2047 |   6945 |  15 |  844.2 |
          Lair |   5018 |   4641 |    377 |    278 |   3443 |   5 | 1003.6 |
        Shoals |   1231 |   1152 |     79 |    158 |    637 |   4 |  307.8 |
     Snake Pit |   1719 |   1232 |    487 |    272 |    497 |   4 |  429.8 |
        Depths |   1854 |   1771 |     83 |    555 |    584 |   4 |  463.5 |
           Zot |    866 |    840 |     26 |    365 |    171 |   5 |  173.2 |
         Abyss |    318 |    318 |      0 |     46 |      5 |   4 |   79.5 |
      Ice Cave |    489 |    489 |      0 |     31 |    263 |   1 |  489.0 |
               +--------+--------+--------+--------+--------+-----+--------+

Top non-repeatable levels by time:
     D:6: 1775 daAuts
     D:7: 1275 daAuts
  Lair:3: 1219 daAuts
     D:8: 1212 daAuts
    D:10: 1186 daAuts
     D:9: 1182 daAuts
     D:1: 1164 daAuts
    D:11: 997 daAuts
  Lair:1: 962 daAuts
  Lair:2: 952 daAuts
     D:2: 952 daAuts
  Lair:4: 946 daAuts
  Lair:5: 937 daAuts
     D:5: 774 daAuts
Shoals:4: 741 daAuts
